 Dungeon Crawl Stone Soup version 0.29-a0-350-g7790a0e70a (webtiles) character file.

Game seed: 4158313299735110537

419 HendSelp the Insei (level 6, -3/57 HPs)
             Began as an Octopode Transmuter on Apr 22, 2022.
             Slain by Grinder (5 damage)
             ... on level 4 of the Dungeon.
             The game lasted 00:03:57 (4048 turns).

HendSelp the Insei (Octopode Transmuter)            Turns: 4048, Time: 00:03:57

Health: -3/57      AC: 23    Str: 11    XL:     6   Next: 93%
Magic:  10/11      EV:  2    Int: 16    God:
Gold:   210        SH:  0    Dex: 12    Spells: 7/12 levels left

rFire   . . .      SeeInvis .     - Unarmed
rCold   . . .      Faith    .   (no shield)
rNeg    . . .      Spirit   .   (helmet currently unavailable)
rPois   +          Reflect  .   (no amulet)
rElec   .          Harm     .   (no ring)
rCorr   .          Rampage  .   (no ring)
Will    .....      NoTele   +   (no ring)
Stlth   +.........              (no ring)
HPRegen 0.19/turn               (no ring)
MPRegen 0.12/turn               (no ring)
                                (no ring)
                                (no ring)

@: tree-form (expiring), wereblooded
A: stationary, stasis, torment immunity, boosted hp, almost no armour,
(amphibious), 8 rings, (camouflage 1), (gelatinous body 1), (nimble swimmer 1),
(tentacles)
a: no special abilities


You were on level 4 of the Dungeon.
You were a tree.
You visited 1 branch of the dungeon, and saw 4 of its levels.

You collected 210 gold pieces.

Inventory:

Missiles
 c - 8 javelins
Scrolls
 b - 4 scrolls of identify
 d - a scroll of teleportation


   Skills:
 + Level 1.5 Fighting
 + Level 2.8 Dodging
 + Level 5.2 Unarmed Combat
 + Level 3.5 Spellcasting
 + Level 3.8 Transmutations


You had 7 spell levels left.
You knew the following spells:

 Your Spells              Type           Power      Damage    Failure   Level
a - Beastly Appendage     Tmut           30%        N/A       3%          1
b - Wereblood             Tmut           15%        N/A       5%          2
c - Passwall              Tmut/Erth      7%         N/A       12%         2

Your spell library contained the following spells:

 Spells                   Type           Power      Damage    Failure   Level
 Spider Form              Tmut/Pois      9%         N/A       24%         3
 Ensorcelled Hibernation  Hex/Ice        4%         N/A       26%         2
 Gell's Gravitas          Tloc           2%         N/A       47%         3
 Lesser Beckoning         Tloc           2%         N/A       47%         3
 Swiftness                Air            2%         N/A       47%         3
 Teleport Other           Tloc           2%         N/A       47%         3
 Ice Form                 Ice/Tmut       9%         N/A       63%         4


Dungeon Overview and Level Annotations

Branches:
Dungeon (4/15)
 Temple: D:4-7

Altars:

Annotations:
D:4 Grinder


Innate Abilities, Weirdness & Mutations

You are a tree.
Your roots penetrate the ground, keeping you stationary.
You cannot be teleported.
You are immune to unholy pain and torment.
Your maximum health is greatly increased.
You cannot wear most types of armour.
((You are amphibious.))
You can wear up to eight rings at the same time.
((Your skin changes colour to match your surroundings (Stealth+).))
((Your rubbery body absorbs attacks. (AC +1, EV +1)))
((You are camouflaged when in or above water. (Stealth+)))
((You have tentacles for arms and can constrict up to eight enemies at once.))


Message History

* * * LOW HITPOINT WARNING * * *
You writhe in agony.
* * * LOW HITPOINT WARNING * * *
Unknown command.
You feel better. Grinder hits you.
* * * LOW HITPOINT WARNING * * *
You writhe in agony.
* * * LOW HITPOINT WARNING * * *
Edmund hits you but does no damage.
You feel better.
Edmund hits you with a +0 flail of protection.
* * * LOW HITPOINT WARNING * * *
Grinder hits you but does no damage.
You smack Edmund!
Edmund is almost dead.
Edmund hits you with a +0 flail of protection!
* * * LOW HITPOINT WARNING * * *
Grinder hits you but does no damage.
You smack Edmund!
You feel a bit better.
You kill Edmund!
Grinder hits you.
* * * LOW HITPOINT WARNING * * *
You writhe in agony.
* * * LOW HITPOINT WARNING * * *
You cannot move.
Unknown command.
You completely miss Grinder.
Unknown command.
You hit Grinder.
Grinder is lightly wounded.
Grinder hits you but does no damage.
Unknown command.
You hit Grinder.
Grinder is lightly wounded.
Your transformation is almost over.
Grinder barely misses you.
You hit Grinder. Your punch misses Grinder.
Grinder is moderately wounded.
Grinder hits you.
You die...

#..........# #
#.........## .###
#.....†....## ..#.
..........### #..
#..###...## ##.. #..
##...## ###..# #..#
#.....## ..##.>).##
#..###.......
......5♣.###...#....##..
#..........#.......####.
#..................# ###
#.......!..........###..
#......................#
...............#####..)#
..............## #...#
..........>.))# #...#
...........))# #...#


You could see Grinder.

Vanquished Creatures
  Eustachio (D:4)
  Edmund (D:4)
  An iguana (D:4)
  2 orc wizards
  3 adders
  An ufetubus (D:4)
  A worm (D:2)
  3 dart slugs
  5 orcs
  4 bats
  5 endoplasms
  A giant cockroach (D:2)
  3 goblins
  3 hobgoblins
  3 jackals (D:1)
  2 quokkas
  2 ball pythons (D:1)
  4 frilled lizards
  5 kobolds
  A rat (D:1)
51 creatures vanquished.

Notes
Turn   | Place    | Note
-------+----------+-------------------------------------------
     0 | D:1      | HendSelp the Octopode Transmuter began the quest for the
                  | Orb.
     0 | D:1      | Reached XP level 1. HP: 13/13 MP: 3/3
   316 | D:1      | Reached XP level 2. HP: 9/18 MP: 3/5
   682 | D:1      | HP: 1/27 [constriction (1)]
  1395 | D:2      | Reached XP level 3. HP: 22/23 MP: 4/6
  1699 | D:2      | Found a faded altar of an unknown god.
  2198 | D:2      | Reached skill level 4 in Unarmed Combat
  2407 | D:3      | Reached XP level 4. HP: 28/28 MP: 5/7
  3053 | D:3      | Learned a level 2 spell: Wereblood
  3056 | D:3      | Learned a level 2 spell: Passwall
  3545 | D:4      | Noticed Eustachio
  3558 | D:4      | Killed Eustachio
  3559 | D:4      | Reached XP level 5. HP: 20/33 MP: 7/9
  3559 | D:4      | Reached XP level 6. HP: 23/38 MP: 7/10
  3961 | D:4      | Reached skill level 5 in Unarmed Combat
  4023 | D:4      | Noticed Grinder
  4025 | D:4      | Noticed Edmund
  4044 | D:4      | Killed Edmund
  4044 | D:4      | HP: 1/57 [Grinder (2)]
  4048 | D:4      | Slain by Grinder

Illustrated notes

Levels and vault maps discovered:
D:1:      dpeg_arrival_stonehenge_8_columns, layout_basic, item_on_display_a
D:2:      layout_basic, shapermc_ecumenical_altar_totnotflames,
          kennysheep_generic_room_4
D:3:      layout_loops_ring
D:4:      layout_layer_cave, minmay_temple_entry_poolview, saegor_snake_ambush,
          uniq_blork_the_orc, uniq_eustachio, uniq_grinder, uniq_edmund

Skill      XL: |  1  2  3  4  5  6 |
---------------+-------------------+-----
Unarmed Combat | 4 5 |  5.2
Transmutations | 3 |  3.8
Spellcasting   | 3 |  3.5
Fighting       | |  1.5
Dodging        | |  2.8

Action                   |  1- 3 |  4- 6 || total
-------------------------+-------+-------++-------
Melee: Unarmed           |    66 |    63 ||   129
       Kick              |    12 |    14 ||    26
       Constrict         |    13 |    11 ||    24
       Tentacles         |     8 |     7 ||    15
       Punch             |     3 |     4 ||     7
Throw: Javelin           |       |     7 ||     7
 Cast: Beastly Appendage |    20 |    11 ||    31
       Passwall          |       |     2 ||     2
       Wereblood         |       |     2 ||     2
  Use: Scroll            |     6 |     2 ||     8
       Potion            |     1 |     7 ||     8
 Stab: Sleeping          |     4 |     1 ||     5
       Invisible         |       |     1 ||     1
Armor: Skin              |    13 |    21 ||    34
Dodge: Dodged            |    36 |    29 ||    65

Table legend: (Time is in decaauts)
 A = Elapsed time spent in this place.
 B = Non-inter-level travel time spent in this place.
 C = Inter-level travel time spent in this place.
 D = Time resting spent in this place.
 E = Time spent auto-exploring this place.
 F = Levels seen in this place.
 G = Mean time per level.
                   A        B        C        D        E       F      G
               +--------+--------+--------+--------+--------+-----+--------+
         Total |   4022 |   3822 |    200 |    335 |   3114 |   4 | 1005.5 |
       Dungeon |   4022 |   3822 |    200 |    335 |   3114 |   4 | 1005.5 |
               +--------+--------+--------+--------+--------+-----+--------+

Top non-repeatable levels by time:
     D:1: 1476 daAuts
     D:2: 1048 daAuts
     D:3: 976 daAuts
     D:4: 521 daAuts
